 Dungeon Crawl Stone Soup version 0.20-a0-548-g4f8a798 (webtiles) character file.

167 Rhoefr the Ruffian (level 5, 0/46 (47) HPs)
             Began as a Ghoul Monk on Feb 1, 2017.
             Slain by a big kobold zombie (5 damage)
             ... in an ossuary.
             The game lasted 00:13:25 (3126 turns).

Rhoefr the Ruffian (Ghoul Monk)                     Turns: 3126, Time: 00:13:26

HP:   0/46 (47)     AC:  3    Str: 15    XL:     5   Next: 48%
MP:   4/4           EV: 12    Int:  5    God:
Gold: 119           SH:  0    Dex: 12    Spells: 4/4 levels left

rFire    . . .     SeeInvis .     - Unarmed
rCold    + . .     Gourm    .   a - +0 robe
rNeg     + + +     Faith    .   (no shield)
rPois    ∞         Spirit   .   r - +0 helmet
rElec    .         Reflect  .   (no cloak)
rCorr    .         Harm     .   (no gloves)
MR       .....                  (no boots)
Stlth    +.........             (no amulet)
Regen    0.1/turn               (no ring)
                                (no ring)

@: rotting, heavily drained
A: rotting body, claws 1, carnivore 3, cold resistance 1, negative energy
resistance 3, slow regeneration 1, torment resistance, unbreathing
a: no special abilities


You were in an ossuary.
You were not hungry.

You visited 1 branch of the dungeon, and saw 4 of its levels.
You also visited: Ossuary.

You collected 119 gold pieces.

Inventory:

Armour
 a - a +0 robe (worn)
 l - a +0 hat
 m - a +0 pair of gloves
 r - a +0 helmet (worn)
Magical Staves
 y - an uncursed staff of air
Jewellery
 f - an uncursed amulet of harm
Scrolls
 d - a scroll of immolation {unknown}
 e - 2 scrolls of teleportation {unknown}
 i - 2 scrolls of fog {unknown}
 n - 2 scrolls of noise {unknown}
 o - a scroll of fear {unknown}
 p - a scroll of remove curse {unknown}
 s - a scroll of enchant weapon {unknown}
 v - 3 scrolls of random uselessness {unknown}
Potions
 c - 3 potions of curing {unknown}
 h - a potion of might {unknown}
 k - 2 potions of lignification {unknown}
 q - a potion of heal wounds {unknown}
 w - a potion of degeneration {unknown}
 x - a potion of flight {unknown}
Books
 j - Sif Muna's Incunabulum of Boosts
   (You found it on level 2 of the Dungeon)

   Spells                             Type                      Level
   a - Infusion                       Charms                       1
 t - a book of Callings

   Spells                             Type                      Level
   a - Summon Small Mammal            Summoning                    1
   b - Call Imp                       Summoning                    2
   c - Call Canine Familiar           Summoning                    3
   d - Summon Guardian Golem          Hexes/Summoning              3
   e - Summon Lightning Spire         Summoning/Air                4
   f - Summon Ice Beast               Ice/Summoning                4
Comestibles
 b - 2 meat rations
 g - 4 chunks of flesh
 u - a royal jelly


   Skills:
 + Level 4.5(2.9) Fighting
 + Level 2.8(1.3) Dodging
 - Level 2.1(0.6) Stealth
 * Level 5.6(4.0) Unarmed Combat


You had 4 spell levels left.
You didn't know any spells.

Dungeon Overview and Level Annotations

Branches:
Dungeon (4/15)
 Temple: D:4-7

Altars:
Kikubaaqudgha
Sif Muna
Vehumet


Innate Abilities, Weirdness & Mutations

Your body is rotting away.
You thrive on raw meat.
You are immune to poison.
You have sharp fingernails.
You are carnivorous and can eat meat at any time.
Your flesh is cold resistant. (rC+)
You are immune to negative energy. (rN+++)
You regenerate slowly when monsters are visible.
You are immune to unholy pain and torment.
You can survive without breathing.


Message History

The mummy is almost destroyed.
The goblin zombie hits you but does no damage.
The mummy hits you!
* * * LOW HITPOINT WARNING * * *
You scratch the mummy but do no damage.
The mummy is almost destroyed.
The big kobold zombie hits you.
* * * LOW HITPOINT WARNING * * *
You completely miss the mummy.
The mummy is almost destroyed.
The goblin zombie barely misses you.
The big kobold zombie barely misses you.
The mummy barely misses you.
You scratch the mummy.
You destroy the mummy!
The goblin zombie closely misses you.
You scratch the big kobold zombie.
The big kobold zombie is lightly damaged.
The big kobold zombie hits you.
You die...

#.#.# #####
..... ##...##
......
##.....###......
#...............
#..∩.∩..........
#...............
##..ZZ.###......
##..@## ..M...
##### .....
#.#.# ## #


You could see a goblin zombie and a big kobold zombie.

Vanquished Creatures
  A hound (D:3)
  A mummy (Ossuary)
  5 adders
  An ooze (D:1)
  3 worms (D:2)
  A dart slug (D:2)
  A leopard gecko (D:2)
  4 ball pythons
  4 giant cockroaches
  5 hobgoblins
  4 jackals (D:1)
  10 bats
  4 frilled lizards
  9 goblins
  A goblin zombie (Ossuary)
  8 kobolds
  5 rats
67 creatures vanquished.

Notes
Turn   | Place    | Note
-------+----------+-------------------------------------------
     0 | D:1      | Rhoefr the Ghoul Monk began the quest for the Orb.
     0 | D:1      | Reached XP level 1. HP: 19/19 MP: 0/0
   461 | D:1      | Reached XP level 2. HP: 22/25 MP: 1/1
   553 | D:1      | Reached skill level 4 in Unarmed Combat
  1026 | D:1      | Reached XP level 3. HP: 16/30 MP: 2/2
  1064 | D:2      | Found a deep blue altar of Sif Muna.
  1065 | D:2      | Found an ancient bone altar of Kikubaaqudgha.
  1065 | D:2      | Found a radiant altar of Vehumet.
  1070 | D:2      | Identified Sif Muna's Incunabulum of Boosts
  1154 | D:2      | Reached XP level 4. HP: 31/40 MP: 3/3
  1604 | D:2      | Reached skill level 5 in Unarmed Combat
  2456 | D:3      | Found a faded altar of an unknown god.
  2585 | D:3      | Reached XP level 5. HP: 36/47 MP: 4/4
  3090 | D:4      | Found a sand-covered staircase.
  3096 | Ossuary  | Entered an ossuary
  3126 | Ossuary  | Slain by a big kobold zombie

Vault maps used:
D:1:      grunt_arrival_crossed_arrows
D:2:      grunt_temple_overflow_magic_moments
D:3:      chequers_ecumenical_altar_simple_redux
D:4:      ashenzari_altar_1, kennysheep_mini, nicolae_ossuary_entry_plus,
          first_bread, serial_bayou_lake_a
Ossuary:  minmay_ossuary_gauntlet

Skill      XL: |  1  2  3  4 |
---------------+-------------+-----
Unarmed Combat | 4 5 |  5.6
Fighting       | 4 |  4.5
Dodging        | |  2.8
Stealth        | |  2.1

Action                   |  1- 3 |  4- 6 || total
-------------------------+-------+-------++-------
Melee: Unarmed           |    69 |   115 ||   184
       Punch             |       |     3 ||     3
 Stab: Sleeping          |     5 |     5 ||    10
  Eat: Chunk             |     6 |     6 ||    12
Armor: Robe              |    12 |    12 ||    24
Dodge: Dodged            |    46 |    71 ||   117
